 Dungeon Crawl Stone Soup version 0.22-a0-348-gd16d139 (webtiles) character file.

1639 grizmgrazm2 the Thaumaturge (level 8, -7/65 HPs)
             Began as a Mummy Necromancer on Apr 8, 2018.
             Was an Initiate of Gozag.
             Mangled by a two-headed ogre
             ... wielding a +0 giant club
              (14 damage)
             ... on level 8 of the Dungeon.
             The game lasted 00:24:34 (8735 turns).

grizmgrazm2 the Thaumaturge (Mummy Necromancer)     Turns: 8735, Time: 00:24:35

Health: -7/65      AC:  6    Str: 11    XL:     8   Next: 66%
Magic:  5/20       EV: 12    Int: 16    God:    Gozag
Gold:   147        SH:  0    Dex: 13    Spells: 20/24 levels left

rFire    x . .     SeeInvis .   h - +0 rapier
rCold    + . .     Gourm    .   (no shield)
rNeg     + + +     Faith    .   f - +2 animal skin
rPois    ∞         Spirit   .   g - +0 helmet
rElec    .         Reflect  .   i - +0 cloak
rCorr    .         Harm     .   (no gloves)
MR       +....                  (no boots)
Stlth    ++........             (no amulet)
HPRegen  0.20/turn              (no ring)
MPRegen  0.17/turn              (no ring)

@: very slightly contaminated
A: no food or potions, fire vulnerability, cold resistance 1, negative energy
resistance 3, torment resistance, unbreathing
a: Potion Petition, Call Merchant, Bribe Branch, Renounce Religion


You were on level 8 of the Dungeon.
You worshipped Gozag.
Gozag was aware of your devotion.
You were not hungry.

You visited 2 branches of the dungeon, and saw 9 of its levels.

You collected 569 gold pieces.
You paid 422 gold pieces to Gozag.

Inventory:

Hand Weapons
 c - a +1 dagger
 h - a +0 rapier (weapon)
Armour
 f - a +2 animal skin (worn)
 g - a +0 helmet (worn)
 i - a +0 cloak (worn)
Scrolls
 a - a scroll of fog
 d - 2 scrolls of remove curse
 e - 3 scrolls of identify
 j - 6 scrolls of teleportation
 k - 2 scrolls of amnesia
 l - a scroll of enchant weapon


   Skills:
 + Level 6.9 Fighting
 - Level 1.5 Dodging
 - Level 1.5 Stealth
 + Level 8.8 Spellcasting
 - Level 6.3 Necromancy


You had 20 spell levels left.
You knew the following spells:

 Your Spells              Type           Power        Failure   Level  Hunger
a - Pain                  Necr           ####         1%          1    N/A
b - Vampiric Draining     Necr           ####......   2%          3    N/A

Dungeon Overview and Level Annotations

Branches:
Dungeon (8/15)             Temple (1/1) D:5
   Lair: D:8-11

Altars:
Ashenzari
Cheibriados
Dithmenos
Elyvilon
Fedhas
Gozag
Hepliaklqana
Makhleb
Nemelex Xobeh
Qazlal
Ru
Trog
Vehumet
Wu Jian
Xom
Zin
The Shining One

Annotations:
D:4 Grinder
D:5 Rhok's ghost, novice DsCK


Innate Abilities, Weirdness & Mutations

You do not eat or drink.
Your flesh is vulnerable to fire.
You are immune to poison.
Your flesh is cold resistant. (rC+)
You are immune to negative energy. (rN+++)
You are immune to unholy pain and torment.
You can survive without breathing.


Message History

Confirm with . or Enter, or press ? or * to list all spells.
Aiming: Vampiric Draining (safe; 2% risk of failure)
Press: ? - help, Shift-Dir - straight line, f/p - two-headed ogre
Aim: a two-headed ogre, wielding a giant club and a giant spiked club (heavily wounded)
You miscast Vampiric Draining.
You are very lightly contaminated with residual magic.
Pain shoots through your body.
The two-headed ogre hits you with a giant club!!
* * * LOW HITPOINT WARNING * * *
The two-headed ogre closely misses you.
Casting: Vampiric Draining (safe; 2% risk of failure)
Confirm with . or Enter, or press ? or * to list all spells.
Aiming: Vampiric Draining (safe; 2% risk of failure)
Press: ? - help, Shift-Dir - straight line, f/p - two-headed ogre
Aim: a two-headed ogre, wielding a giant club and a giant spiked club (heavily wounded)
The two-headed ogre is severely wounded.
You feel life coursing into your body.
The two-headed ogre hits you with a giant club!
You die...
Your body crumbles into a pile of gold.

.........#≈≈#≈≈≈≈
..##....##≈≈≈≈≈≈#
####.≈≈#≈≈≈#≈≈
#.#≈≈≈≈≈≈≈≈
#.##≈#≈≈#≈ .
#..#≈≈≈≈≈ ...
#..#≈#≈≈# .
#....####....##≈#...?
#...!.....O@.........
.....###.............
... ############## #


You could see a two-headed ogre.

Vanquished Creatures
  2 orc warriors
  2 ice beasts
  A sky beast (D:4)
  2 ogres
  A bullfrog (D:7)
  A wyvern skeleton (D:7)
  2 scorpions
  2 hounds (D:7)
  2 jellies
  3 orc priests
  6 orc wizards
  Natasha (thrice) (D:2)
  6 worker ants
  Robin (D:2)
  3 gnolls (D:4)
  6 adders
  An adder zombie (D:7)
  3 worms
  2 dart slugs (D:2)
  2 leopard geckos
  28 orcs
  4 ball pythons
  A giant cockroach (D:1)
  11 goblins
  6 hobgoblins
  2 jackals (D:2)
  3 quokkas
  5 bats
  3 frilled lizards (D:1)
  A jackal skeleton (D:7)
  8 kobolds
  A leopard gecko skeleton (D:4)
  4 rats
128 creatures vanquished.

Notes
Turn   | Place    | Note
-------+----------+-------------------------------------------
     0 | D:1      | grizmgrazm2 the Mummy Necromancer began the quest for the Orb.
     0 | D:1      | Reached XP level 1. HP: 13/13 MP: 4/4
   331 | D:1      | Reached skill level 3 in Spellcasting
   331 | D:1      | Reached XP level 2. HP: 20/20 MP: 3/6
   491 | D:1      | Reached skill level 1 in Fighting
  1064 | D:2      | Noticed Natasha
  1077 | D:2      | Killed Natasha
  1077 | D:2      | Reached XP level 3. HP: 4/27 MP: 1/8
  1671 | D:2      | Noticed Natasha
  1946 | D:2      | Killed Natasha
  1946 | D:2      | Reached XP level 4. HP: 27/33 MP: 1/9
  2152 | D:2      | Noticed Natasha
  2179 | D:2      | Killed Natasha
  2179 | D:2      | Reached skill level 4 in Spellcasting
  2559 | D:2      | Noticed Robin
  2569 | D:2      | Killed Robin
  2778 | D:2      | Found a burning altar of Makhleb.
  2778 | D:2      | Noticed a cacodemon
  2781 | D:2      | Noticed a smoke demon
  2781 | D:2      | Noticed a hellwing
  2847 | D:2      | Reached XP level 5. HP: 39/39 MP: 8/11
  2852 | D:2      | Learned a level 3 spell: Vampiric Draining
  3091 | D:3      | Noticed Grinder
  3239 | D:4      | Reached skill level 5 in Necromancy
  3331 | D:3      | Paralysed by Grinder for 5 turns
  3340 | D:3      | Paralysed by Grinder for 2 turns
  3681 | D:5      | Entered Level 5 of the Dungeon
  3819 | D:4      | Reached XP level 6. HP: 3/47 MP: 3/13
  4159 | D:4      | Reached skill level 5 in Spellcasting
  4270 | D:4      | Noticed a sky beast
  4278 | D:4      | Killed a sky beast
  4404 | D:4      | Learned a level 4 spell: Animate Dead
  4798 | D:4      | Reached XP level 7. HP: 38/54 MP: 0/15
  5192 | D:5      | Found a staircase to the Ecumenical Temple.
  5201 | Temple   | Entered the Ecumenical Temple
  5331 | Temple   | Became a worshipper of Gozag Ym Sagoz the Greedy
  5683 | D:5      | Reached skill level 6 in Spellcasting
  6509 | D:5      | Noticed Rhok's ghost (novice DsCK)
  6761 | D:7      | Reached skill level 5 in Fighting
  7138 | D:7      | Reached skill level 7 in Spellcasting
  7294 | D:7      | Reached XP level 8. HP: 10/63 MP: 15/19
  7868 | D:7      | Reached skill level 8 in Spellcasting
  8719 | D:8      | Noticed a two-headed ogre
  8735 | D:8      | Mangled by a two-headed ogre

Vault maps used:
D:1:      minmay_arrival_plants_in_alcoves, minmay_splitting_lines
D:2:      makhleb_altar_promises_db, uniq_robin, uniq_natasha
D:3:      kiku_gazebo_pond_becter, lemuel_coloured_pillars_altar,
          lightli_sewer_entry_pipes, minivault_24, uniq_grinder
D:4:      serial_shops, shop
D:5:      black_bear_nest_1, minmay_temple_entry_purple_smoke, first_ration
D:7:      minmay_misc_feat_tiny, the_bakery, st_stairs_1
D:8:      gammafunk_temple_overflow_claw, minivault_4, minmay_small_thing
Temple:   eino_temple_rhombus

Skill      XL: |  1  2  3  4  5  6  7  8 |
---------------+-------------------------+-----
Spellcasting   | 3 4 5 7 8 |  8.8
Fighting       | 1 2 3 4 5 6 |  6.9
Necromancy     | 5 6 |  6.3
Dodging        | |  1.5
Stealth        | |  1.5

Action                   |  1- 3 |  4- 6 |  7- 9 || total
-------------------------+-------+-------+-------++-------
Melee: Dagger            |       |    22 |   121 ||   143
       Rapier            |       |       |   123 ||   123
Throw: Stone             |     1 |       |       ||     1
 Cast: Pain              |    84 |   181 |    95 ||   360
       Animate Dead      |       |     4 |     1 ||     5
       Vampiric Draining |       |       |    19 ||    19
Invok: Potion Petition   |       |       |     2 ||     2
  Use: Scroll            |     8 |     2 |     1 ||    11
 Stab: Distracted        |       |       |     1 ||     1
Armor: Ring mail         |     9 |     8 |       ||    17
       Robe              |     1 |       |       ||     1
       Animal skin       |       |    23 |    87 ||   110
Dodge: Dodged            |    24 |    60 |   169 ||   253

Table legend:
 A = Spawn XP
 B = Non-spawn XP
 C = Spawn XP percentage of total XP
 D = Spawn monster count
 E = Non-spawn monster count
 F = Spawn count percentage of total count
 G = Total turns spent on level
                    A         B        C        D         E        F      G
               +---------+---------+-------+---------+---------+-------+---------
         Total |       0 |    2342 |   0.0 |       0 |     128 |   0.0 |  8735
               +---------+---------+-------+---------+---------+-------+---------
           D:1 |       0 |      31 |   0.0 |       0 |      21 |   0.0 |  1539
           D:2 |       0 |     174 |   0.0 |       0 |      29 |   0.0 |  1755
           D:3 |       0 |       8 |   0.0 |       0 |       3 |   0.0 |   217
           D:4 |       0 |     541 |   0.0 |       0 |      29 |   0.0 |  1460
           D:5 |       0 |     337 |   0.0 |       0 |      11 |   0.0 |  1213
           D:6 |       0 |     106 |   0.0 |       0 |       6 |   0.0 |   580
           D:7 |       0 |     942 |   0.0 |       0 |      27 |   0.0 |  1700
           D:8 |       0 |     203 |   0.0 |       0 |       2 |   0.0 |   124
               +---------+---------+-------+---------+---------+-------+---------
